 Dungeon Crawl Stone Soup version 0.18-b1-22-ge198996 (webtiles) character file.

53 Wooh the Bolt Thrower (level 3, 0/31 HPs)
             Began as a Draconian Hunter on May 4, 2016.
             Slain by an adder (1 damage)
             ... on level 2 of the Dungeon.
             The game lasted 00:04:49 (1537 turns).

Wooh the Bolt Thrower (Draconian Hunter)            Turns: 1537, Time: 00:04:50

Health: 0/31       AC:  7    Str: 14    XL:     3   Next: 64%
Magic:  3/3        EV: 12    Int: 11    God:
Gold:   145        SH:  0    Dex: 12    Spells: 0 memorised, 2 levels left

rFire  . . .     SeeInvis .     m - -1 hand axe (curse)
rCold  . . .     Gourm    .     (armour unavailable)
rNeg   . . .     Faith    .     (no shield)
rPois  .         Spirit   .     (helmet restricted)
rElec  .         Dismiss  .     (no cloak)
rCorr  .         Reflect  .     k - +1 pair of gloves
SustAt .         Harm     .     (no boots)
MR     .....                    (no amulet)
Stlth  +.........               (no ring)
                                (no ring)

@: lethally poisoned (0 -> -2), not resistant to hostile enchantments, very
unstealthy
A: unfitting armour, cold-blooded, AC +5
a: no special abilities


You were on level 2 of the Dungeon.
You were not hungry.

You visited 1 branch of the dungeon, and saw 2 of its levels.

You collected 145 gold pieces.

Inventory:

Hand Weapons
 a - a +1 hand crossbow
 b - a +0 short sword
 m - a cursed -1 hand axe (weapon)
Missiles
 c - 20 bolts
Armour
 k - a +1 pair of gloves (worn)
Scrolls
 h - a scroll of magic mapping {unknown}
 i - 3 scrolls of teleportation
 p - a scroll of immolation {unknown}
Potions
 e - a potion of flight
 f - 2 potions of curing {unknown}
 j - a potion of might {unknown}
 l - 2 potions of mutation {unknown}
 n - a potion of haste {unknown}
Comestibles
 d - a bread ration
 g - 3 meat rations
 o - a slice of pizza


   Skills:
 + Level 3.5 Fighting
 + Level 4.2 Crossbows
 - Level 1.7 Dodging
 - Level 0.8 Stealth


You had 2 spell levels left.
You didn't know any spells.

Dungeon Overview and Level Annotations

Branches:
Dungeon (2/15)

Altars:


Innate Abilities, Weirdness & Mutations

Your plain brown scales are hard (AC +5).
Your body does not fit into most forms of armour.
You are cold-blooded and may be slowed by cold attacks.


Message History

The adder is severely wounded.
* * * LOW HITPOINT WARNING * * *
You feel sick. The adder bites you but does no damage.
The adder barely misses you.
You closely miss the adder.
The adder is severely wounded.
The adder completely misses you. The adder bites you but does no damage.
You closely miss the adder.
Your tail-slap misses the adder.
The adder is severely wounded.
* * * LOW HITPOINT WARNING * * *
You feel sick. The adder bites you but does no damage.
The adder closely misses you.
You miss the adder.
Your tail-slap misses the adder.
The adder is severely wounded.
The adder bites you but does no damage.
You closely miss the adder.
The adder is severely wounded.
* * * LOW HITPOINT WARNING * * *
You feel sick. The adder bites you.
You die...

###.##### ##+##
#((.....#
##...###.......### #
##...<.##.........# #
##.......#.......#.#
#................#.####
+......................
#................#.####
#...S@..#.###..##.#
##.....##.# #.###.#
##...###.###.###.#
##+## #........<#
#####.##### #.# #.# #.#
#.#


You could see an adder.

Vanquished Creatures
  2 adders (D:2)
  An ooze (D:1)
  A dart slug (D:1)
  3 giant geckos (D:1)
  4 bats
  5 goblins
  2 hobgoblins
  3 jackals (D:1)
  A giant newt (D:2)
  A kobold (D:1)
  4 rats
27 creatures vanquished.

Notes
Turn   | Place    | Note
--------------------------------------------------------------
     0 | D:1      | Wooh the Draconian Hunter began the quest for the Orb.
     0 | D:1      | Reached XP level 1. HP: 17/17 MP: 1/1
   116 | D:1      | Reached XP level 2. HP: 17/25 MP: 2/2
   583 | D:1      | Reached skill level 4 in Crossbows
   899 | D:2      | Reached XP level 3. HP: 22/31 MP: 3/3
  1537 | D:2      | HP: 1/31 [poisoned by an adder]
  1537 | D:2      | Slain by an adder

Skill      XL: |  1  2 |
---------------+-------+-----
Crossbows      | 4 |  4.2
Fighting       | 3 |  3.5
Dodging        | |  1.7
Stealth        | |  0.8

Action                   || total
-------------------------++-------
Melee: Short sword       ||    38
       Tailslap          ||    11
       Hand axe          ||    90
  Use: Scroll            ||     6
 Stab: Sleeping          ||     5
  Eat: Chunk             ||     2
Armor: Skin              ||    59
Dodge: Dodged            ||    93
